MLB
OAKLAND ATHLETICS @ CHICAGO WHITE SOX
03/06/2099
 
TOP OF THE 1ST
Oakland Athletics batting - Pitching for Chicago White Sox : RHP Keith Dragisic
Pitching: RHP Keith Dragisic
Batting: LHB Ryan Tipton 0-0: Called Strike
0-1: Ball
1-1: Ball
2-1: Called Strike
2-2: Fly out, F9 (Flyball, 9LS, EV 93.8 MPH)
Batting: RHB Joey George 0-0: Swinging Strike
0-1: Ground out 1-3 (Groundball, 23, EV 68.1 MPH)
Batting: LHB Pat Wilson 0-0: Ground out 3-1 (Groundball, 34, EV 88.1 MPH)
Top of the 1st over - 0 runs, 0 hits, 0 errors, 0 left on base; Oakland 0 - Chicago 0
BOTTOM OF THE 1ST
Chicago White Sox batting - Pitching for Oakland Athletics : RHP David Pearson
Pitching: RHP David Pearson
Batting: RHB Brian Jones 0-0: Swinging Strike
0-1: Foul Ball, location: 3F
0-2: Ball
1-2: Fly out, F8 (Flyball, 8RM, EV 80.0 MPH)
Batting: LHB Tim Eaton 0-0: Ball
1-0: Fly out, F2 (Popup, 23F, EV 88.8 MPH)
Batting: LHB Dan Roos 0-0: Called Strike
0-1: Swinging Strike
0-2: Ball
1-2: Strikes out swinging
Bottom of the 1st over - 0 runs, 0 hits, 0 errors, 0 left on base; Oakland 0 - Chicago 0
TOP OF THE 2ND
Oakland Athletics batting - Pitching for Chicago White Sox : RHP Keith Dragisic
Batting: LHB Ivan Suarez 0-0: Ball
1-0: Swinging Strike
1-1: Ball
2-1: Foul Ball, location: 5FF
2-2: Ball
3-2: Base on Balls
Batting: RHB Randy Fowler 0-0: Ball
1-0: Called Strike
1-1: Foul Ball, location: 9LMF
1-2: Grounds into double play, 6-4-3 (Groundball, 6, EV 82.5 MPH)
Batting: RHB Ben Celeste 0-0: Called Strike
0-1: Ball
1-1: Ball
2-1: Ball
3-1: Swinging Strike
3-2: Foul Ball, location: 2F
3-2: Strikes out looking
Top of the 2nd over - 0 runs, 0 hits, 0 errors, 0 left on base; Oakland 0 - Chicago 0
BOTTOM OF THE 2ND
Chicago White Sox batting - Pitching for Oakland Athletics : RHP David Pearson
Batting: LHB Josh Densmore 0-0: SINGLE (Groundball, 13, EV 73.1 MPH) (infield hit)
Batting: LHB Bryan Lupo 0-0: Ball
1-0: Ball
2-0: Called Strike
2-1: SINGLE (Line Drive, 34D, EV 95.6 MPH)
Josh Densmore to second
Runner from 2nd tries for 3rd, SAFE, throw by RF made to third
Batting: LHB Billy Stanley 0-0: Ball
1-0: 3-RUN HOME RUN (Flyball, 9LD, EV 94.4 MPH), Distance : 359 ft
Batting: LHB Kenny Helm 0-0: Ground out 5-3 (Groundball, 56, EV 110.6 MPH)
Batting: SHB Jeremy Nussbaum 0-0: Ground out 5-3 (Groundball, 56, EV 95.6 MPH)
Batting: RHB Marshall Hughes 0-0: Swinging Strike
0-1: Ball
1-1: Swinging Strike
1-2: Strikes out swinging
Bottom of the 2nd over - 3 runs, 3 hits, 0 errors, 0 left on base; Oakland 0 - Chicago 3
TOP OF THE 3RD
Oakland Athletics batting - Pitching for Chicago White Sox : RHP Keith Dragisic
Batting: RHB David Reichel 0-0: Ground out 5-3 (Groundball, 56, EV 70.0 MPH)
Batting: LHB Gene Del Vecchio 0-0: Swinging Strike
0-1: Foul Ball, location: 5SF
0-2: Foul Ball, location: 25F
0-2: Fly out, F9 (Flyball, 9, EV 93.8 MPH)
Batting: RHB Tom Karr 0-0: Ball
1-0: Foul Ball, location: 2RF
1-1: Ground out 6-3 (Groundball, 56, EV 95.6 MPH)
Top of the 3rd over - 0 runs, 0 hits, 0 errors, 0 left on base; Oakland 0 - Chicago 3
BOTTOM OF THE 3RD
Chicago White Sox batting - Pitching for Oakland Athletics : RHP David Pearson
Batting: RHB Brian Jones 0-0: Called Strike
0-1: Fly out, F9 (Flyball, 9D, EV 106.3 MPH)
Batting: LHB Tim Eaton 0-0: Foul Ball, location: 23F
0-1: DOUBLE (Flyball, 8RXD, EV 99.4 MPH)
Batting: LHB Dan Roos 0-0: Ball
1-0: Ball
2-0: Swinging Strike
2-1: Called Strike
2-2: Foul Ball, location: 2F
2-2: Ball
3-2: Strikes out swinging
Batting: LHB Josh Densmore 0-0: Called Strike
0-1: Called Strike
0-2: Strikes out swinging
Bottom of the 3rd over - 0 runs, 1 hit, 0 errors, 1 left on base; Oakland 0 - Chicago 3
TOP OF THE 4TH
Oakland Athletics batting - Pitching for Chicago White Sox : RHP Keith Dragisic
Batting: LHB Ryan Tipton 0-0: Ball
1-0: Foul Ball, location: 3F
1-1: Ball
2-1: Called Strike
2-2: Foul Ball, location: 7LSF
2-2: Foul Ball, location: 25F
2-2: Fly out, F7 (Line Drive, 78M, EV 91.3 MPH)
Batting: RHB Joey George 0-0: Ball
1-0: Called Strike
1-1: Foul Ball, location: 25F
1-2: SINGLE (Line Drive, 8RS, EV 90.6 MPH)
Batting: LHB Pat Wilson 0-0: Called Strike
0-1: Called Strike
0-2: SINGLE (Line Drive, 89S, EV 91.9 MPH)
Joey George to second
Batting: LHB Ivan Suarez 0-0: Ball
1-0: DOUBLE (Flyball, 8RXD, EV 101.3 MPH)
Joey George scores
Pat Wilson to third
Pitching: RHP Jeremy Merenda
Pinch Hitting: SHB John Gilley 0-0: Ball
1-0: Called Strike
1-1: Ball
2-1: Swinging Strike
2-2: Ball
Wild Pitch!
Pat Wilson scores
Ivan Suarez to third
3-2: Base on Balls
Batting: RHB Ben Celeste 0-0: Called Strike
0-1: Foul Ball, location: 2F
0-2: Ball
1-2: Ball
2-2: Strikes out swinging
Batting: RHB David Reichel 0-0: Ball
1-0: Called Strike
1-1: Ball
2-1: Ball
3-1: Fly out, F8 (Line Drive, 89D, EV 90.0 MPH)
Top of the 4th over - 2 runs, 3 hits, 0 errors, 2 left on base; Oakland 2 - Chicago 3
BOTTOM OF THE 4TH
Chicago White Sox batting - Pitching for Oakland Athletics : RHP David Pearson
Now at 2B: Tom Karr
Now at 3B: Aaron Champion
Batting: LHB Bryan Lupo 0-0: Fly out, F7 (Flyball, 7, EV 91.9 MPH)
Batting: LHB Billy Stanley 0-0: Ball
1-0: DOUBLE (Line Drive, 7LS, EV 111.9 MPH)
Batting: LHB Kenny Helm 0-0: Called Strike
0-1: Foul Ball, location: 2F
0-2: SINGLE (Groundball, 6MD, EV 102.5 MPH)
Billy Stanley to third
Runner from 3rd tries for Home, SAFE, throw by CF to home
Batting: SHB Jeremy Nussbaum 0-0: Ball
1-0: Called Strike
1-1: Swinging Strike
1-2: Foul Ball, location: 3FF
1-2: Ball
2-2: Foul Ball, location: 5F
2-2: Ball
3-2: Strikes out swinging
Batting: RHB Marshall Hughes 0-0: Called Strike
0-1: Swinging Strike
0-2: Ball
Kenny Helm steals 2nd base
1-2: Ball
2-2: Fly out, F4 (Line Drive, 4MD, EV 66.9 MPH)
Bottom of the 4th over - 1 run, 2 hits, 0 errors, 1 left on base; Oakland 2 - Chicago 4
TOP OF THE 5TH
Oakland Athletics batting - Pitching for Chicago White Sox : RHP Jeremy Merenda
Pitching: RHP Dan Rutledge
Now at C: Mark Clardy
Now at 1B: D.J. Horrigan
Now at 2B: Chris Hodges
Now at 3B: Won-ho Nham
Now in CF: Milt Gomez
Now in RF: Tyler Fauver
Batting: LHB Gene Del Vecchio 0-0: Fly out, F8 (Flyball, 8RD, EV 76.3 MPH)
Batting: RHB Tom Karr 0-0: Fly out, F6 (Popup, 4M, EV 74.4 MPH)
Pinch Hitting: LHB Kyle O'Connor 0-0: Called Strike
0-1: Ball
1-1: Ball
2-1: Ball
3-1: DOUBLE (Line Drive, 89D, EV 107.5 MPH)
Pinch Hitting: LHB Billy Stengel 0-0: Called Strike
0-1: Ball
1-1: Ball
2-1: Foul Ball, location: 2F
2-2: Foul Ball, location: 7LDF
2-2: Strikes out swinging
Top of the 5th over - 0 runs, 1 hit, 0 errors, 1 left on base; Oakland 2 - Chicago 4
BOTTOM OF THE 5TH
Chicago White Sox batting - Pitching for Oakland Athletics : RHP David Pearson
Now in LF: Billy Stengel
Now in RF: Kyle O'Connor
Batting: LHB D.J. Horrigan 0-0: Swinging Strike
0-1: Fly out, F8 (Flyball, 8RD, EV 100.6 MPH)
Batting: LHB Tyler Fauver 0-0: Ball
1-0: Swinging Strike
1-1: Called Strike
1-2: Ground out 4-3 (Groundball, 4, EV 100.0 MPH)
Batting: RHB Luis Marquina 0-0: Foul Ball, location: 9LMF
0-1: Ball
1-1: Ball
2-1: Foul Ball, location: 25F
2-2: Foul Ball, location: 2F
2-2: Ball
3-2: Foul Ball, location: 5FF
3-2: Foul Ball, location: 2F
3-2: Fly out, F8 (Flyball, 8RD, EV 97.5 MPH)
Bottom of the 5th over - 0 runs, 0 hits, 0 errors, 0 left on base; Oakland 2 - Chicago 4
TOP OF THE 6TH
Oakland Athletics batting - Pitching for Chicago White Sox : RHP Dan Rutledge
Pitching: RHP Kevin Brodnik
Now in LF: Frank Mumm
Pinch Hitting: LHB Chris West 0-0: Ball
1-0: Called Strike
1-1: Ball
2-1: Foul Ball, location: 2F
2-2: Foul Ball, location: 2F
2-2: Ball
3-2: Foul Ball, location: 2F
3-2: Base on Balls
Batting: LHB Mike Lucas 0-0: Called Strike
0-1: Ball
1-1: Ball
2-1: Ball
3-1: DOUBLE (Line Drive, 7LS, EV 93.8 MPH)
Chris West to third
Batting: SHB Aaron Champion 0-0: SINGLE (Groundball, 6MD, EV 98.1 MPH)
Chris West scores
Mike Lucas to third
Runner from 3rd tries for Home, SAFE, throw by CF to home
Pinch Hitting: LHB Steve Witmer 0-0: Ball
1-0: Ball
2-0: Ball
3-0: Called Strike
3-1: Base on Balls
Aaron Champion to second
Batting: RHB David Reichel 0-0: Called Strike
0-1: Ball
1-1: Swinging Strike
1-2: Ball
2-2: Strikes out swinging
Batting: LHB Gene Del Vecchio 0-0: Ball
1-0: Ball
2-0: Called Strike
2-1: Ball
3-1: Called Strike
3-2: Fly out, F4 (Line Drive, 4M, EV 70.6 MPH)
Lined into DP, U4 (Line Drive, 4M, EV 70.6 MPH)
Top of the 6th over - 2 runs, 2 hits, 0 errors, 1 left on base; Oakland 4 - Chicago 4
BOTTOM OF THE 6TH
Chicago White Sox batting - Pitching for Oakland Athletics : RHP David Pearson
Pitching: RHP Jim Watson
Now at C: Corey Springer
Now at 1B: Chris West
Now in CF: Kyle O'Connor
Now in RF: Steve Witmer
Pinch Hitting: LHB Elias Mato 0-0: Called Strike
0-1: Ball
1-1: Ball
2-1: Foul Ball, location: 2F
2-2: Fly out, F9 (Flyball, 89S, EV 85.0 MPH)
Batting: SHB Milt Gomez 0-0: Ball
1-0: Swinging Strike
1-1: Ball
2-1: Swinging Strike
2-2: Ball
3-2: Fly out, F9 (Flyball, 9LD, EV 98.1 MPH)
Batting: LHB Frank Mumm 0-0: Ball
1-0: Called Strike
1-1: Foul Ball, location: 2F
1-2: Ball
2-2: Strikes out swinging
Bottom of the 6th over - 0 runs, 0 hits, 0 errors, 0 left on base; Oakland 4 - Chicago 4
TOP OF THE 7TH
Oakland Athletics batting - Pitching for Chicago White Sox : RHP Kevin Brodnik
Now at 2B: Jose Delgado
Batting: RHB Tom Karr 0-0: Called Strike
0-1: Swinging Strike
0-2: Strikes out swinging
Pitching: LHP Jonathan Obrochta
Batting: LHB Kyle O'Connor 0-0: Ball
1-0: Fly out, F9 (Flyball, 9, EV 84.4 MPH)
Pinch Hitting: RHB Greg Horst 0-0: Swinging Strike
0-1: Ball
1-1: Ball
2-1: Swinging Strike
2-2: Ball
3-2: Foul Ball, location: 2F
3-2: Foul Ball, location: 9LSF
3-2: Foul Ball, location: 23FF
3-2: Strikes out looking
Top of the 7th over - 0 runs, 0 hits, 0 errors, 0 left on base; Oakland 4 - Chicago 4
BOTTOM OF THE 7TH
Chicago White Sox batting - Pitching for Oakland Athletics : RHP Jim Watson
Pitching: RHP Manuel Vasquez
Now in LF: Greg Horst
Batting: RHB Won-ho Nham 0-0: Ball
1-0: Foul Ball, location: 2F
1-1: Called Strike
1-2: Ball
2-2: SINGLE (Groundball, 4D, EV 102.5 MPH)
Pinch Hitting: RHB Vinny Figueroa 0-0: Foul Ball, location: 2F
0-1: Bunt missed!
0-2: Ball
1-2: Foul Ball, location: 2F
1-2: Ball
2-2: Ball
3-2: Grounds into double play, 6-4-3 (Groundball, 56, EV 81.3 MPH)
Batting: RHB Mark Clardy 0-0: Foul Ball, location: 25F
0-1: Ball
1-1: Swinging Strike
1-2: Foul Ball, location: 9LSF
1-2: Ball
2-2: Fly out, F8 (Flyball, 8RD, EV 97.5 MPH)
Bottom of the 7th over - 0 runs, 1 hit, 0 errors, 0 left on base; Oakland 4 - Chicago 4
TOP OF THE 8TH
Oakland Athletics batting - Pitching for Chicago White Sox : LHP Jonathan Obrochta
Pitching: LHP Victor Molina
Now at SS: Vinny Figueroa
Batting: LHB Chris West 0-0: Ball
1-0: SINGLE (Line Drive, 6D, EV 94.4 MPH)
Batting: LHB Mike Lucas 0-0: Swinging Strike
0-1: Foul Ball, location: 7LDF
0-2: Ball
1-2: Fly out, F7 (Line Drive, 7LM, EV 90.0 MPH)
Batting: SHB Aaron Champion 0-0: Called Strike
0-1: Ball
1-1: Ball
2-1: Ball
3-1: Foul Ball, location: 2F
3-2: Foul Ball, location: 2F
3-2: Strikes out swinging
Batting: LHB Steve Witmer 0-0: Ground out U3 (Groundball, 3, EV 107.5 MPH)
Top of the 8th over - 0 runs, 1 hit, 0 errors, 1 left on base; Oakland 4 - Chicago 4
BOTTOM OF THE 8TH
Chicago White Sox batting - Pitching for Oakland Athletics : RHP Manuel Vasquez
Pitching: RHP Steven Cadmus
Batting: LHB D.J. Horrigan 0-0: Ground out 6-3 (Groundball, 6MS, EV 88.8 MPH)
Batting: LHB Tyler Fauver 0-0: Called Strike
0-1: Foul Ball, location: 2F
0-2: Foul Ball, location: 9LSF
0-2: Ball
1-2: Ground out 5-3 (Groundball, 56S, EV 92.5 MPH)
Batting: RHB Luis Marquina 0-0: Ball
1-0: Foul Ball, location: 9LSF
1-1: Swinging Strike
1-2: Fly out, F8 (Flyball, 8LXD, EV 99.4 MPH)
Bottom of the 8th over - 0 runs, 0 hits, 0 errors, 0 left on base; Oakland 4 - Chicago 4
TOP OF THE 9TH
Oakland Athletics batting - Pitching for Chicago White Sox : LHP Victor Molina
Pitching: RHP Victor Peden
Batting: RHB David Reichel 0-0: Foul Ball, location: 2F
0-1: Called Strike
0-2: Foul Ball, location: 5FF
0-2: Fly out, F8 (Line Drive, 78M, EV 89.4 MPH)
Batting: RHB Corey Springer 0-0: Fly out, F8 (Line Drive, 8RM, EV 93.1 MPH)
Batting: RHB Tom Karr 0-0: Ball
1-0: Foul Ball, location: 7LMF
1-1: Fly out, F9 (Flyball, 9S, EV 91.9 MPH)
Top of the 9th over - 0 runs, 0 hits, 0 errors, 0 left on base; Oakland 4 - Chicago 4
BOTTOM OF THE 9TH
Chicago White Sox batting - Pitching for Oakland Athletics : RHP Steven Cadmus
Pitching: RHP Victor Zaragoza
Pinch Hitting: LHB Marcos Elizondo 0-0: Ball
1-0: Called Strike
1-1: Foul Ball, location: 5FF
1-2: Ground out 3-1 (Groundball, 34, EV 86.3 MPH)
Pinch Hitting: RHB John Kofoid 0-0: Foul Ball, location: 5FF
0-1: Ball
1-1: Ground out 6-3 (Groundball, 6, EV 90.0 MPH)
Batting: LHB Frank Mumm 0-0: Ball
1-0: Ball
2-0: DOUBLE (Line Drive, 3D, EV 105.6 MPH)
Pinch Hitting: RHB Butch Arnett 0-0: Intentional Walk
Pinch Hitting: SHB Ben Reiners 0-0: Ball
1-0: Foul Ball, location: 2F
1-1: Fly out, F9 (Flyball, 9S, EV 73.1 MPH)
Bottom of the 9th over - 0 runs, 1 hit, 0 errors, 2 left on base; Oakland 4 - Chicago 4
TOP OF THE 10TH
Oakland Athletics batting - Pitching for Chicago White Sox : RHP Victor Peden
Pitching: LHP Carlos Castro
Now at 1B: Ben Reiners
Now at 2B: Alberto Hernandez
Now at 3B: D.J. Horrigan
Now at SS: Joe Schoeffler
Now in CF: Kevin Howard
Batting: LHB Kyle O'Connor 0-0: Ball
1-0: Foul Ball, location: 2F
1-1: Fly out, F8 (Line Drive, 89M, EV 91.9 MPH)
Batting: RHB Greg Horst 0-0: Called Strike
0-1: Foul Ball, location: 3F
0-2: Ball
1-2: Ball
2-2: Strikes out looking
Batting: LHB Chris West 0-0: Foul Ball, location: 2F
0-1: Ball
1-1: Ball
2-1: Ball
3-1: Foul Ball, location: 3F
3-2: Foul Ball, location: 2F
3-2: Foul Ball, location: 3SF
3-2: Strikes out swinging
Top of the 10th over - 0 runs, 0 hits, 0 errors, 0 left on base; Oakland 4 - Chicago 4
BOTTOM OF THE 10TH
Chicago White Sox batting - Pitching for Oakland Athletics : RHP Victor Zaragoza
Pitching: RHP Dylan Mayes
Pinch Hitting: SHB James Burgin 0-0: Foul Ball, location: 2F
0-1: SINGLE (Groundball, 6D, EV 104.4 MPH)
Pinch Hitting: RHB Travis De Angelis 0-0: Ball
1-0: Grounds into double play, 4-6-3 (Groundball, 4M, EV 104.4 MPH)
Pinch Hitting: RHB John Iglesias 0-0: Ball
1-0: Foul Ball, location: 2F
1-1: Ball
2-1: Foul Ball, location: 2F
2-2: Foul Ball, location: 25FF
2-2: Foul Ball, location: 9LDF
2-2: Foul Ball, location: 2F
2-2: SINGLE (Line Drive, 6MD, EV 94.4 MPH)
Batting: RHB Joey Aimone 0-0: Ball
1-0: Foul Ball, location: 9LSFF
1-1: Ground out 4-3 (Groundball, 4, EV 103.1 MPH)
Bottom of the 10th over - 0 runs, 2 hits, 0 errors, 1 left on base; Oakland 4 - Chicago 4
TOP OF THE 11TH
Oakland Athletics batting - Pitching for Chicago White Sox : LHP Carlos Castro
Pitching: LHP Jason Payne
Now at C: Cory Gilmore
Now at 3B: James Burgin
Now in RF: John Iglesias
Batting: LHB Mike Lucas 0-0: Ball
1-0: Foul Ball, location: 2F
1-1: Ball
2-1: Foul Ball, location: 3SF
2-2: Ball
3-2: SOLO HOME RUN (Flyball, 9D, EV 101.9 MPH), Distance : 383 ft
Batting: SHB Aaron Champion 0-0: Ball
1-0: Swinging Strike
1-1: Foul Ball, location: 3SF
1-2: Foul Ball, location: 9LMF
1-2: Strikes out swinging
Batting: LHB Steve Witmer 0-0: Ball
1-0: Ball
2-0: Ball
3-0: Called Strike
3-1: Base on Balls
Batting: RHB David Reichel 0-0: Called Strike
0-1: Swinging Strike
0-2: Ball
1-2: Strikes out looking
Batting: RHB Corey Springer 0-0: Called Strike
0-1: Ball
1-1: Ball
2-1: Ball
3-1: Fly out, F7 (Flyball, 7D, EV 110.6 MPH)
Top of the 11th over - 1 run, 1 hit, 0 errors, 1 left on base; Oakland 5 - Chicago 4
BOTTOM OF THE 11TH
Chicago White Sox batting - Pitching for Oakland Athletics : RHP Dylan Mayes
Pitching: RHP Mario Rodriguez
Batting: RHB Alberto Hernandez 0-0: Ball
1-0: Ball
2-0: Ball
3-0: Ground out 6-3 (Groundball, 6, EV 82.5 MPH)
Batting: LHB Kevin Howard 0-0: Ball
1-0: SINGLE (Line Drive, 9LM, EV 101.9 MPH)
Pinch Hitting: RHB Ryan Foss 0-0: Swinging Strike
0-1: Ball
1-1: Ball
2-1: Ball
3-1: Swinging Strike
3-2: Foul Ball, location: 2F
3-2: Foul Ball, location: 2F
3-2: Foul Ball, location: 2F
3-2: Foul Ball, location: 2F
3-2: Foul Ball, location: 2F
3-2: Strikes out swinging
Pinch Hitting: LHB Everett Vine 0-0: Swinging Strike
0-1: DOUBLE (Line Drive, 7LS, EV 93.1 MPH)
Kevin Howard to third
Runner from 3rd tries for Home, SAFE, no throw by LF
Batting: SHB Ben Reiners 0-0: 2-RUN HOME RUN (Flyball, 89XD, EV 104.4 MPH), Distance : 413 ft
Bottom of the 11th over - 3 runs, 3 hits, 0 errors, 0 left on base; Oakland 5 - Chicago 7
Monday, April 29th , 2024 - OOTP Baseball 24.11 Build 85